 Dungeon Crawl Stone Soup version 0.20.1-1-g8b1a95d (webtiles) character file.

144046 Irenicus the Fencer (level 17, -13/109 HPs)
             Began as a Tengu Monk on Oct 5, 2017.
             Was the Champion of Cheibriados.
             Killed from afar by Nikola (35 damage)
             ... with a chain lightning
             ... on level 2 of the Swamp.
             The game lasted 02:34:37 (21746 turns).

Irenicus the Fencer (Tengu Monk)                   Turns: 21746, Time: 02:34:40

Health: -13/109    AC: 16    Str: 27    XL:     17   Next: 39%
Magic:  23/23      EV: 41    Int: 25    God:    Cheibriados [******]
Gold:   2534       SH: 14    Dex: 40    Spells: 11/20 levels left

rFire    + + .     SeeInvis +   a - +4 scimitar (flame)
rCold    . . .     Gourm    .   O - +0 shield {reflect}
rNeg     + . .     Faith    .   z - +3 leather armour {rF+}
rPois    .         Spirit   .   h - +0 hat
rElec    .         Reflect  +   G - +2 cloak {rF+}
rCorr    .         Harm     .   J - +1 pair of gloves
MR       ++...     Rnd*Tele +   (boots unavailable)
Stlth    +++++.....             u - amulet of regeneration
Regen    0.7/turn               E - +5 ring of dexterity
MPRegen  0.2/turn               L - ring of positive energy

@: flying quickly and evasively, very slightly contaminated, very slow
A: beak, talons 3, icy blue scales 1, rugged brown scales 1, yellow scales 1,
camouflage 1, see invisible, blink, clumsy 1, high mp 1, magic resistance 1,
teleportitis 1, weak 1, able to fly 2
a: Stop Flying, Blink, Bend Time, Temporal Distortion, Slouch, Step From Time,
Renounce Religion


You were on level 2 of the Swamp.
You worshipped Cheibriados.
Cheibriados was exalted by your worship.
You were not hungry.

You visited 4 branches of the dungeon, and saw 25 of its levels.
You visited the Abyss 1 time.
You also visited: Ossuary and Volcano.

You collected 3245 gold pieces.
You spent 711 gold pieces at shops.

Inventory:

Hand Weapons
 a - a +4 scimitar of flaming (weapon)
 e - a +1 falchion of holy wrath
 o - a +2 long sword of electrocution
 D - the +6 rapier "Ocelosol" {drain, rElec MR+ Str+4}
   (You found it on level 6 of the Dungeon)

   A truly terrible weapon, it drains the life of those it strikes.
   It affects your strength (+4).
   It insulates you from electricity.
   It affects your resistance to hostile enchantments.
 U - a +1 long sword of distortion
Armour
 h - a +0 hat (worn)
 r - a +2 robe of cold resistance
 z - a +3 leather armour of fire resistance (worn)
 G - a +2 cloak of fire resistance (worn)
 J - a +1 pair of gloves (worn)
 O - a +0 shield of reflection (worn)
 W - a +1 buckler of poison resistance
Jewellery
 u - an amulet of regeneration (around neck)
 E - a +5 ring of dexterity (left hand)
 L - a ring of positive energy (right hand)
 N - a +6 ring of intelligence
 T - a +4 amulet of reflection
Wands
 g - a wand of digging (2/24)
 t - a wand of disintegration (21/24)
 B - a wand of paralysis (19/24)
 X - a wand of acid (12/15)
 Y - a wand of lightning (9/15)
Scrolls
 d - 10 scrolls of remove curse
 m - 5 scrolls of enchant armour
 n - 4 scrolls of enchant weapon
 p - 4 scrolls of identify
 q - 7 scrolls of teleportation
 v - 3 scrolls of fog
 w - 2 scrolls of fear
 F - a scroll of brand weapon
 Q - a scroll of recharging
 S - a scroll of acquirement
 Z - a scroll of silence
Potions
 i - 6 potions of curing
 k - 2 potions of cancellation
 x - a potion of ambrosia
 A - 2 potions of brilliance
 H - a potion of heal wounds
 I - a potion of magic
 K - 4 potions of resistance
 M - a potion of experience
 R - 5 potions of agility
 V - a potion of might
Books
 b - a book of Death

   Spells                             Type                      Level
   a - Corpse Rot                     Necromancy                   2
   b - Sublimation of Blood           Necromancy                   2
   c - Agony                          Necromancy                   5
   d - Dispel Undead                  Necromancy                   5
   e - Excruciating Wounds            Charms/Necromancy            5
   f - Bolt of Draining               Conjuration/Necromancy       5
 y - a book of Conjurations

   Spells                             Type                      Level
   a - Magic Dart                     Conjuration                  1
   b - Searing Ray                    Conjuration                  2
   c - Dazzling Spray                 Conjuration/Hexes            3
   d - Fulminant Prism                Conjuration/Hexes            4
   e - Force Lance                    Conjuration/Translocation    4
   f - Iskenderun's Mystic Blast      Conjuration                  4
 C - a book of Spatial Translocations

   Spells                             Type                      Level
   a - Blink                          Translocation                2
   b - Shroud of Golubria             Charms/Translocation         2
   c - Lesser Beckoning               Translocation                3
   d - Gell's Gravitas                Translocation                3
   e - Teleport Other                 Translocation                3
   f - Passage of Golubria            Translocation                4
Miscellaneous
 s - a phial of floods
Comestibles
 c - 23 bread rations
 f - 38 fruits
 j - 9 royal jellies
 l - 11 meat rations


   Skills:
 - Level 12.1 Fighting
 - Level 2.0(14.0) Short Blades
 - Level 20.4 Long Blades
 - Level 18.6 Dodging
 - Level 5.0 Stealth
 + Level 5.9 Shields
 - Level 2.1 Spellcasting
 - Level 6.8 Summonings
 - Level 3.0 Air Magic


You had 11 spell levels left.
You knew the following spells:

 Your Spells              Type           Power        Failure   Level  Hunger
a - Call Imp              Summ           #####...     3%          2    ##.....
b - Summon Guardian Gole  Hex/Summ       ###.....     30%         3    ###....
c - Summon Lightning Spi  Summ/Air       ####....     47%         4    ####...


Dungeon Overview and Level Annotations

Branches:
Dungeon (15/15)            Temple (0/1) D:6            Lair (6/6) D:9
  Swamp (2/4) Lair:3       Spider (0/4) Lair:4        Slime (0/5) Lair:5
    Orc (2/2) D:10            Elf (0/3) Orc:2        Vaults (0/5) D:13
 Depths (0/5) D:15

Altars:
Cheibriados
Fedhas
Makhleb
Sif Muna
Trog
Beogh

Shops:
D:5 (   D:10 }   D:11 :   D:14 }   Orc:2 ([*=

Annotations:
D:7 exclusion: ice statue
D:13 2 runed doors
Lair:1 exclusion: 2 oklob plants
Swamp:2 Nikola


Innate Abilities, Weirdness & Mutations

You have a beak for a mouth.
You have claws for feet.
You can fly continuously.
You are partially covered in icy blue scales. (AC +2)
You are partially covered in rugged brown scales. (AC +1, +3% HP)
You are partially covered in yellow scales. (AC +2)
Your skin changes colour to match your surroundings (Stealth+).
You have supernaturally acute eyesight. (SInv)
You can translocate small distances at will.
You are clumsy. (Dex -2)
You have an increased reservoir of magic. (+10% MP)
You are resistant to hostile enchantments. (MR+)
You are occasionally teleported next to monsters.
You are weak. (Str -2)


Message History

You hear a mighty clap of thunder!
The lightning arc arcs out of your line of sight!
You hear a mighty clap of thunder!
The lightning arc suddenly appears!
The lightning arc hits Nikola.
The lightning arc hits you!
* * * LOW HITPOINT WARNING * * *
The lightning arc hits Nikola.
The lightning arc arcs out of your line of sight!
You hear a mighty clap of thunder!
The lightning arc suddenly appears!
The lightning arc hits Nikola.
Okay, then.
Okay, then.
Okay, then.
You feel much better.
Nikola casts a spell.
You hear a mighty clap of thunder!
The lightning arc hits you!
* * * LOW HITPOINT WARNING * * *
The lightning arc hits Nikola.
The lightning arc hits you!
You die...

♣♣♣ ♣♣ ♣♣.♣♣♣♣♣♣
♣♣≈ ♣♣♣.≈.≈♣♣.♣
♣♣.≈♣♣...≈♣..♣.♣
♣♣≈....≈..♣♣♣...♣
♣.≈≈♣≈♣..♣♣ ♣...♣
..♣
♣...♣♣♣♣♣♣♣..♣
≈.♣.≈.♣♣♣♣.♣♣♣..♣
♣..♣♣♣♣♣@.§..≈≈♣
♣♣♣≈≈♣♣≈♣♣.....♣
♣....≈.≈§..♣
♣♣.♣.♣♣.♣..♣
♣♣♣@♣♣≈♣♣♣..♣
♣..♣♣ ♣♣ ♣.≈♣
♣..♣♣ ♣.≈♣ ♣♣♣
♣≈♣


You could see Nikola.

Vanquished Creatures
  Rupert (Orc:2)
  A tentacled starspawn (Abyss:2)
  Gastronok (Lair:3)
  Donald (Swamp:1)
  An orc warlord (Orc:2)
  A stone giant (Orc:1)
  Nessos (D:12)
  Azrael (D:15)
  Snorg (Orc:2)
  An ettin (D:15)
  The ghost of p0werm0de the Cleaver, a journeyman GrBe of Trog (Lair:2)
  Erolcha (Orc:2)
  Fannar (Orc:1)
  A rakshasa (D:15)
  10 hydras
  3 catoblepae
  4 centaur warriors
  A merfolk avatar (Lair:6)
  A dancing weapon (Volcano)
  15 death yaks
  An alligator (Swamp:2)
  8 two-headed ogres
  4 orc high priests (Orc:2)
  Urug (Lair:4)
  4 thrashing horrors (Abyss:2)
  Nergalle (Lair:4)
  A deep elf knight (D:12)
  A sixfirhy (Abyss:2)
  5 hell knights (D:10)
  A wretched star (Abyss:2)
  2 skeletal warriors (D:15)
  A sea snake (Lair:6)
  A spatial maelstrom (Abyss:2)
  7 wizards
  A glowing orange brain (Abyss:2)
  6 unseen horrors
  5 orc knights
  Pikel (D:9)
  A harpy (Lair:6)
  A necromancer (D:10)
  A harpy (shapeshifter) (D:11)
  A lindwurm (Lair:6)
  5 ugly things
  A wolf spider (D:13)
  6 cyclopes
  4 orc sorcerers (Orc:2)
  2 deep elf magi
  A manticore (D:13)
  A worldbinder (Abyss:2)
  9 starcursed masses (Abyss:2)
  5 black mambas
  A black mamba (shapeshifter) (D:15)
  5 toenail golems (Volcano)
  12 elephants
  A gargoyle (D:14)
  20 spiny frogs
  A rime drake (Lair:6)
  A centaur skeleton (D:11)
  4 kobold demonologists
  A freezing wraith (D:13)
  2 efreet (D:14)
  13 komodo dragons
  3 ancient zymes (Abyss:2)
  A tengu conjurer (D:15)
  4 meliai
  3 jumping spiders (Lair:4)
  A wind drake (Lair:6)
  5 trolls
  A polar bear (Lair:6)
  3 tyrant leeches
  3 hornets
  Grinder (D:3)
  17 blink frogs
  3 bog bodies (Swamp:1)
  A raiju (Abyss:2)
  11 dream sheep
  3 slime creatures (D:13)
  8 hippogriffs
  A spriggan (shapeshifter) (D:14)
  Sigmund (D:2)
  A water elemental (D:12)
  2 wraiths
  A spriggan (D:7)
  A shadow (Swamp:2)
  4 basilisks
  3 redbacks (Lair:4)
  36 yaks
  3 vampires
  3 wyverns
  3 fire elementals (D:15)
  A fire bat (Abyss:2)
  16 humans (D:13)
  5 vampire mosquitoes
  2 hungry ghosts
  2 large abominations (Abyss:2)
  3 wargs (Orc:2)
  8 swamp worms
  A soldier ant (D:13)
  7 hell hounds
  Duvessa (D:5)
  10 water moccasins
  6 porcupines
  Purgy (D:4)
  4 ice beasts
  42 orc warriors
  A swamp drake (Swamp:1)
  4 sky beasts
  A black bear (D:6)
  6 necrophages (Lair:2)
  11 ogres
  3 phantoms
  12 wolves
  17 crocodiles
  22 centaurs
  An elf zombie (D:6)
  3 big kobolds
  14 bullfrogs
  2 elf skeletons (D:6)
  An earth elemental (Abyss:2)
  Dowan (D:5)
  3 small abominations (Abyss:2)
  7 scorpions
  4 troll zombies (D:10)
  2 water moccasin skeletons
  6 killer bees (D:9)
  A spriggan zombie (Abyss:2)
  11 wights
  3 howler monkeys
  3 electric eels
  A crimson imp (D:11)
  6 centaur zombies
  7 hounds
  2 quasits
  A gnoll shaman (D:5)
  2 jellies
  A bullfrog zombie (D:6)
  Crazy Yiuf (D:4)
  22 orc priests
  A bullfrog skeleton (D:12)
  2 iron imps (Abyss:2)
  2 human skeletons (D:6)
  5 iguanas
  36 orc wizards
  7 worker ants
  A killer bee zombie (D:8)
  4 ogre zombies (D:10)
  A hound zombie (D:11)
  A hound skeleton (D:4)
  8 mummies (Ossuary)
  A worker ant zombie (D:11)
  12 gnolls
  17 adders
  4 shadow imps
  An ooze (D:2)
  An adder zombie (D:8)
  2 adder skeletons
  A worm (D:2)
  A dart slug (D:2)
  6 leopard geckos
  102 orcs
  A ball python (D:6)
  4 giant cockroaches
  8 goblins
  7 hobgoblins
  3 jackals (D:3)
  23 kobolds
  4 quokkas
  6 bats
  5 frilled lizards
  4 goblin skeletons (D:10)
  2 goblin zombies (D:10)
  6 hobgoblin zombies
  4 kobold zombies (Ossuary)
  18 orc zombies
  8 rats
  A fungus (Lair:4)
  3 starspawn tentacles (Abyss:2)
939 creatures vanquished.

Vanquished Creatures (collateral kills)
  2 hell knights (D:10)
  A skeletal warrior (D:15)
  A troll (Orc:1)
  A warg (Orc:1)
  4 hell hounds (D:10)
  An orc warrior (Orc:2)
  An orc priest (Orc:1)
  4 orcs
15 creatures vanquished.

Vanquished Creatures (others)
  A small abomination (Abyss:2)
  A crimson imp (D:9)
  4 kobolds (D:9)
  A bush (Lair:6)
  7 fungi
  5 plants
  3 starspawn tentacles (Abyss:2)
22 creatures vanquished.

Grand Total: 976 creatures vanquished

Notes
Turn   | Place    | Note
-------+----------+-------------------------------------------
     0 | D:1      | Irenicus the Tengu Monk began the quest for the Orb.
     0 | D:1      | Reached XP level 1. HP: 14/14 MP: 2/2
   141 | D:1      | Reached skill level 4 in Long Blades
   141 | D:1      | Reached XP level 2. HP: 19/19 MP: 3/3
   326 | D:1      | Reached XP level 3. HP: 23/23 MP: 4/4
   709 | D:2      | Reached skill level 5 in Long Blades
   756 | D:2      | Reached XP level 4. HP: 17/28 MP: 5/5
   807 | D:2      | Noticed Sigmund
   820 | D:2      | Killed Sigmund
   820 | D:2      | Reached skill level 7 in Long Blades
   820 | D:2      | Gained mutation: You can fly. [Tengu growth]
   820 | D:2      | Reached XP level 5. HP: 26/32 MP: 6/6
   900 | D:2      | Reached XP level 6. HP: 31/37 MP: 7/7
  1533 | D:3      | Noticed Grinder
  1545 | D:3      | Gained mutation: You can translocate small distances at will. [potion of mutation]
  1545 | D:3      | Gained mutation: You are resistant to hostile enchantments. (MR+) [potion of mutation]
  1545 | D:3      | Gained mutation: You are partially covered in rugged brown scales. (AC +1, +3% HP) [potion of mutation]
  1548 | D:3      | Killed Grinder
  1548 | D:3      | Reached skill level 8 in Long Blades
  1548 | D:3      | Reached XP level 7. HP: 30/42 MP: 8/8
  2014 | D:3      | Reached skill level 9 in Long Blades
  2159 | D:4      | Noticed Purgy
  2180 | D:4      | Killed Purgy
  2196 | D:4      | Reached skill level 10 in Long Blades
  2196 | D:4      | Reached XP level 8. HP: 30/47 MP: 7/9
  2227 | D:4      | Found a bloodstained altar of Trog.
  2649 | D:4      | Found a runed door.
  2673 | D:4      | Noticed Crazy Yiuf
  2682 | D:4      | Killed Crazy Yiuf
  2682 | D:4      | Reached skill level 1 in Shields
  2817 | D:5      | Entered Level 5 of the Dungeon
  3014 | D:5      | Noticed Duvessa
  3031 | D:5      | Noticed Dowan
  3044 | D:5      | Killed Duvessa
  3050 | D:5      | Killed Dowan
  3360 | D:5      | Reached skill level 5 in Shields
  3419 | D:5      | Found Ruol's Antique Weapon Emporium.
  3427 | D:5      | Bought a glowing falchion for 156 gold pieces
  3784 | D:6      | Reached XP level 9. HP: 40/51 MP: 10/10
  3786 | D:6      | Found a sand-covered staircase.
  3808 | D:6      | Reached skill level 11 in Long Blades
  3811 | Ossuary  | Entered an ossuary
  4431 | D:6      | Found a snail-covered altar of Cheibriados.
  4442 | D:6      | Became a worshipper of Cheibriados the Contemplative
  4442 | D:6      | Reached * piety under Cheibriados
  4442 | D:6      | Reached ** piety under Cheibriados
  4472 | D:6      | Got an encrusted rapier
  4473 | D:6      | Identified the +6 rapier "Ocelosol" {drain, rElec MR+ Str+4} (You found it on level 6 of the Dungeon)
  4535 | D:6      | Found a staircase to the Ecumenical Temple.
  4700 | D:6      | Reached skill level 12 in Long Blades
  4705 | D:6      | Reached skill level 1 in Short Blades
  4714 | D:6      | Reached skill level 5 in Dodging
  5076 | D:7      | Reached XP level 10. HP: 57/57 MP: 11/11
  5103 | D:7      | Reached skill level 13 in Long Blades
  5361 | D:7      | Noticed an ice statue
  5477 | D:7      | Reached *** piety under Cheibriados
  6225 | D:9      | Found a staircase to the Lair.
  6225 | D:9      | Noticed an elephant
  6225 | D:9      | Noticed a two-headed ogre
  6240 | D:9      | Killed an elephant
  6282 | D:9      | Killed a two-headed ogre
  6282 | D:9      | Reached skill level 14 in Long Blades
  6419 | D:9      | Noticed Pikel
  6444 | D:9      | Killed Pikel
  6527 | D:9      | Reached **** piety under Cheibriados
  6747 | D:9      | Reached XP level 11. HP: 59/61 MP: 12/12
  6806 | D:10     | Entered Level 10 of the Dungeon
  6902 | D:10     | Noticed a two-headed ogre
  6911 | D:10     | Killed a two-headed ogre
  6954 | D:10     | Killed an unseen horror
  6992 | D:10     | Found Nisut's Gadget Shoppe.
  7033 | D:10     | Found a staircase to the Orcish Mines.
  7087 | D:10     | Reached ***** piety under Cheibriados
  7281 | D:10     | Reached skill level 10 in Dodging
  7536 | D:11     | Reached skill level 15 in Long Blades
  7667 | D:11     | Noticed a two-headed ogre
  7711 | D:11     | Killed a two-headed ogre
  7759 | D:11     | Found Syquq's Book Shoppe.
  7781 | D:11     | Bought a book of Callings for 480 gold pieces
  7784 | D:11     | Learned a level 2 spell: Call Imp
  7867 | D:11     | Gained mutation: Your skin changes colour to match your surroundings (Stealth+). [mutagenic meat]
  7868 | D:11     | Gained mutation: You are clumsy. (Dex -2) [mutagenic meat]
  7869 | D:11     | Gained mutation: You have supernaturally acute eyesight. (SInv) [mutagenic meat]
  8069 | D:11     | Noticed a harpy
  8075 | D:11     | Killed a harpy
  8079 | D:11     | Reached skill level 1 in Summonings
  8082 | D:11     | Gained mutation: You occasionally shout uncontrollably at your foes. [mutagenic meat]
  8336 | D:11     | Reached ****** piety under Cheibriados
  8336 | D:11     | Reached XP level 12. HP: 67/67 MP: 13/13
  8745 | D:12     | Reached skill level 1 in Spellcasting
  8842 | D:12     | Found a roughly hewn altar of Beogh.
  8982 | D:12     | Learned a level 3 spell: Summon Guardian Golem
  9076 | D:12     | Noticed a two-headed ogre
  9085 | D:12     | Killed a two-headed ogre
  9085 | D:12     | Reached skill level 5 in Summonings
  9098 | D:12     | Learned a level 4 spell: Summon Lightning Spire
  9142 | D:12     | Noticed a catoblepas
  9152 | D:12     | Killed a catoblepas
  9506 | D:12     | Noticed a deep elf knight
  9518 | D:12     | Killed a deep elf knight
  9580 | D:13     | Found a gate to the Vaults.
  9580 | D:13     | Noticed a two-headed ogre
  9580 | D:13     | Noticed Nessos
  9626 | D:13     | Found a burning altar of Makhleb.
  9651 | D:13     | Lost mutation: You occasionally shout uncontrollably at your foes. [mutagenic meat]
  9678 | D:12     | Killed a two-headed ogre
  9688 | D:12     | Killed Nessos
  9694 | D:12     | Gained mutation: You have an increased reservoir of magic. (+10% MP) [mutagenic meat]
  9832 | D:13     | Reached skill level 1 in Air Magic
  9867 | D:13     | Reached XP level 13. HP: 70/72 MP: 18/18
 10015 | D:13     | Reached skill level 15 in Dodging
 10368 | D:13     | Found a runed door.
 10665 | D:13     | Found a runed door.
 10665 | D:13     | Found a runed door.
 10706 | D:13     | Found a runed door.
 10744 | D:13     | Identified Syzot's Grimoire of the Dusty Glacier
 11279 | D:13     | Got a pitted mace {pain}
 11280 | D:13     | Identified the +2 mace "Deeh" {pain, *Contam rF+ Str+2} (You took it off a meliai on level 13 of the Dungeon)
 11387 | D:14     | Gained mutation: You are partially covered in icy blue scales. (AC +2) [mutagenic meat]
 11389 | D:14     | Gained mutation: You are occasionally teleported next to monsters. [mutagenic meat]
 11404 | D:14     | Found Yhona's Gadget Emporium.
 11658 | D:14     | Found a blossoming altar of Fedhas.
 11858 | D:14     | Gained mutation: You can fly continuously. [Tengu growth]
 11858 | D:14     | Reached XP level 14. HP: 78/78 MP: 19/19
 11903 | D:15     | Entered Level 15 of the Dungeon
 11986 | D:15     | Gained mutation: You are weak. (Str -2) [mutagenic meat]
 11987 | D:15     | Gained mutation: You are partially covered in yellow scales. (AC +2) [mutagenic meat]
 12376 | D:15     | Noticed Azrael
 12408 | D:15     | Killed Azrael
 12418 | D:15     | Reached skill level 5 in Fighting
 12553 | D:15     | Found a staircase to the Depths.
 12977 | Orc:1    | Entered Level 1 of the Orcish Mines
 12991 | Orc:1    | Noticed a stone giant
 13003 | Orc:1    | Killed a stone giant
 13119 | Orc:1    | Reached skill level 5 in Stealth
 13135 | Orc:1    | Noticed Fannar
 13163 | Orc:1    | Killed Fannar
 13253 | Orc:1    | Identified a scroll of acquirement
 13345 | Orc:2    | Entered Level 2 of the Orcish Mines
 13438 | Orc:2    | Noticed Erolcha
 13449 | Orc:2    | Killed Erolcha
 13472 | Orc:2    | Noticed Rupert
 13486 | Orc:2    | Killed Rupert
 13496 | Orc:2    | Noticed an orc warlord
 13503 | Orc:2    | Noticed Snorg
 13512 | Orc:2    | Killed Snorg
 13532 | Orc:2    | Found a staircase to the Elven Halls.
 13698 | Orc:2    | Reached XP level 15. HP: 92/92 MP: 21/21
 13847 | Orc:2    | Reached skill level 10 in Fighting
 13946 | Orc:2    | Killed an orc warlord
 14045 | Orc:2    | Found Witaloel's Antique Armour Shop.
 14046 | Orc:2    | Found Minwelav's Antique Weapon Boutique.
 14055 | Orc:2    | Found Icuirak's General Store.
 14055 | Orc:2    | Found Min Odghioku's Jewellery Shop.
 14146 | Orc:2    | Found a deep blue altar of Sif Muna.
 14158 | Orc:2    | Identified Sif Muna's Guide on the Escort
 14252 | Orc:2    | Bought a potion of heal wounds for 75 gold pieces
 14821 | Lair:1   | Entered Level 1 of the Lair of Beasts
 15355 | Lair:2   | Noticed p0werm0de's ghost (journeyman GrBe)
 15366 | Lair:2   | Killed p0werm0de's ghost
 15607 | Lair:2   | Found a labyrinth entrance.
 16316 | Lair:3   | Found a staircase to the Swamp.
 16474 | Lair:3   | Noticed Gastronok
 16485 | Lair:3   | Killed Gastronok
 16926 | Lair:4   | Noticed Urug
 16939 | Lair:4   | Killed Urug
 17072 | Lair:4   | Found a hole to the Spider Nest.
 17083 | Lair:4   | Reached skill level 16 in Long Blades
 17176 | Lair:4   | Noticed Nergalle
 17184 | Lair:4   | Killed Nergalle
 17525 | Lair:5   | Reached XP level 16. HP: 104/104 MP: 22/22
 17619 | Lair:5   | Found a staircase to the Slime Pits.
 18350 | Lair:5   | Reached skill level 17 in Long Blades
 18501 | Lair:6   | Entered Level 6 of the Lair of Beasts
 18715 | Lair:6   | Reached skill level 18 in Long Blades
 18744 | Lair:6   | Found a dark tunnel.
 18768 | Volcano  | Entered a volcano
 18950 | Volcano  | Cast into level 2 of the Abyss (a wizard)
 19014 | Abyss:2  | Noticed a tentacled starspawn
 19030 | Abyss:2  | Killed a tentacled starspawn
 19476 | Abyss:2  | Paralysed by accursed screaming for 2 turns
 19493 | Abyss:2  | Reached skill level 19 in Long Blades
 19851 | Volcano  | Escaped the Abyss
 20045 | Lair:6   | Reached XP level 17. HP: 98/109 MP: 23/23
 20090 | Lair:6   | Got an encrusted hand crossbow
 20091 | Lair:6   | Identified the +7 hand crossbow of Courage {elec, +Blink MR+ Int-4 Dex+4} (You found it on level 6 of the Lair of Beasts)
 20859 | Lair:6   | Reached skill level 20 in Long Blades
 20983 | Swamp:1  | Entered Level 1 of the Swamp
 21293 | Swamp:1  | Noticed Donald
 21314 | Swamp:1  | Killed Donald
 21734 | Swamp:2  | Noticed Nikola
 21746 | Swamp:2  | Killed from afar by Nikola

Skill      XL: |  1  2  3  4  5  6  7  8  9 10 11 12 13 14 15 16 17 |
---------------+----------------------------------------------------+-----
Long Blades    | 4 5 7 8 10 12 14 15 16 19 20 | 20.4
Shields        | 5 |  5.9
Dodging        | 5 8 11 14 17 18 | 18.6
Short Blades   | 2 |  2.0
Summonings     | 1 5 6 |  6.8
Fighting       | 4 9 12 | 12.1
Stealth        | 3 5 |  5.0
Spellcasting   | 2 |  2.1
Air Magic      | 1 2 3 |  3.0

Action                   |  1- 3 |  4- 6 |  7- 9 | 10-12 | 13-15 | 16-18 || total
-------------------------+-------+-------+-------+-------+-------+-------++-------
Melee: Falchion          |    52 |    55 |   349 |   523 |   503 |       ||  1482
       Kick              |    15 |    16 |   153 |   454 |   813 |   458 ||  1909
       Peck              |    10 |     8 |    94 |   241 |   510 |   293 ||  1156
       Rapier            |       |       |    50 |    65 |       |       ||   115
       Scimitar          |       |       |       |       |   608 |   565 ||  1173
 Cast: Call Imp          |       |       |       |     6 |     4 |       ||    10
       Summon Lightning  |       |       |       |     1 |    14 |     6 ||    21
       Summon Guardian G |       |       |       |     1 |     2 |       ||     3
 Abil: Fly               |       |       |     1 |     3 |     5 |       ||     9
       Blink             |       |       |       |     1 |       |       ||     1
       Stop Flying       |       |       |       |       |     1 |       ||     1
Evoke: Wand              |       |       |       |     6 |     6 |       ||    12
       Phial of floods   |       |       |       |       |     2 |       ||     2
  Use: Potion            |     1 |     4 |     6 |     1 |     2 |     4 ||    18
       Scroll            |       |       |     2 |     7 |    23 |     8 ||    40
 Stab: Sleeping          |     7 |     3 |    20 |    12 |    16 |    12 ||    70
       Distracted        |       |       |     1 |     4 |    14 |     4 ||    23
       Paralysed         |       |       |       |     2 |       |       ||     2
  Eat: Chunk             |       |     2 |     8 |    23 |    25 |     6 ||    64
       Fruit             |       |       |     3 |     2 |     3 |     6 ||    14
Armor: Robe              |     4 |     1 |    25 |    11 |       |     1 ||    42
       Leather armour    |       |     3 |    25 |       |       |    32 ||    60
       Troll leather arm |       |       |       |    47 |    32 |     8 ||    87
Dodge: Dodged            |    28 |    31 |   164 |   448 |   771 |   548 ||  1990
Block: Buckler           |       |       |    54 |   217 |   520 |   366 ||  1157
       Reflection        |       |       |       |       |    14 |       ||    14
       Shield            |       |       |       |       |       |    13 ||    13
       Rpst.: Falchion   |     9 |     8 |    43 |    88 |    85 |       ||   233
       Scimitar          |       |       |       |       |   114 |   117 ||   231
